 Dungeon Crawl Stone Soup version 0.16-a0-3770-gc215ce9 (webtiles) character file.

215 Johnny the Shield-Bearer (level 5, 0/37 HPs)
             Began as an Octopode Fighter on Jan 24, 2015.
             Slain by a giant frog skeleton (1 damage)
             ... on level 4 of the Dungeon.
             The game lasted 00:02:59 (2497 turns).

Johnny the Shield-Bearer (Octopode Fighter)         Turns: 2497, Time: 00:03:00

Health: 0/37       AC:  1    Str: 21    XL:     5   Next: 92%
Magic:  5/5        EV:  9    Int: 10    God:
Gold:   176        SH: 14    Dex: 12    Spells: 0 memorised, 4 levels left

rFire  + . .     SeeInvis .     m - +0 dagger (venom)
rCold  + . .     Clarity  .     r - +0 large shield
rNeg   + . .     SustAb   .     (helmet restricted)
rPois  +         Gourm    .     (no amulet)
rElec  +         Spirit   .     f - ring of positive energy
rCorr  +         Warding  .     l - ring of teleport control
rMut   .         Stasis   .     n - ring of wizardry
MR     .....                    (no ring)
Stlth  ++........               (no ring)
                                (no ring)
                                (no ring)
                                (no ring)

@: mighty, resistant, not resistant to hostile enchantments, unstealthy
A: almost no armour, amphibious, 8 rings, constrict 8, camouflage 1, gelatinous
body 1
a: Evoke Teleport Control


You were on level 4 of the Dungeon.
You were not hungry.

You visited 1 branch of the dungeon, and saw 4 of its levels.

You collected 176 gold pieces.

Inventory:

Hand weapons
 a - a +0 long sword
 m - a +0 dagger of venom (weapon)
Armour
 c - a +0 shield
 r - a +0 large shield (worn)
Jewellery
 f - a ring of positive energy (left tentacle)
 l - a ring of teleport control (right tentacle)
 n - a ring of wizardry (on tentacle)
 v - a cursed ring of loudness {unknown}
Scrolls
 g - a scroll of enchant weapon {unknown}
 h - 2 scrolls of enchant armour {unknown}
 o - a scroll of teleportation {unknown}
 q - 2 scrolls of identify {unknown}
 s - a scroll of remove curse {unknown}
 u - a scroll of noise {unknown}
 x - a scroll of fog {unknown}
Potions
 k - a potion of haste {unknown}
 t - a potion of ambrosia {unknown}
 w - a potion of poison {unknown}
 z - a potion of restore abilities {unknown}
Comestibles
 d - 3 bread rations
 i - 2 fruits
 j - 3 meat rations
 p - a slice of pizza
 A - 2 chunks of flesh


   Skills:
 * Level 4.1 Fighting
 + Level 2.6 Long Blades
 * Level 4.3 Dodging
 * Level 4.3 Shields


You had 4 spell levels left.
You didn't know any spells.

Dungeon Overview and Level Annotations

Branches:
Dungeon (4/15)
 Temple: D:4-7

Altars:
Makhleb


Innate Abilities, Weirdness & Mutations

You cannot wear most types of armour.
You are amphibious.
You can wear up to eight rings at the same time.
You can use your tentacles to constrict many enemies at once.
Your skin changes colour to match your surroundings (Stealth).
Your rubbery body absorbs attacks (AC +1).


Message History

You feel very mighty all of a sudden.
You block the giant frog skeleton's attack.
The giant frog skeleton hits you.
* * * LOW HITPOINT WARNING * * *
You block the phantom's attack.
Unknown command.
Drink which item? (? for menu, Esc to quit)
Okay, then.
Drink which item? (? for menu, Esc to quit)
Okay, then.
Read which item? (? for menu, Esc to quit)
Okay, then.
You aren't carrying any items that can be evoked.
Read which item? (? for menu, Esc to quit)
Okay, then.
Drink which item? (? for menu, Esc to quit)
It was a potion of resistance.
You feel protected. The giant frog skeleton hits you.
You die...

..>## #...
...###...# .......#
#......# #.....#
##. #.....# ##..#
##.....### ##...#
##Z......... #...#
#@W.........
##...##
###.r....>....
##.....##
##....##......
##.......####...###
#....
................#
....
...............##
...
...........<...##
................#
...########.....#


You could see a phantom, a quokka and a giant frog skeleton.

Vanquished Creatures
  4 gnolls (D:2)
  10 adders
  A worm (D:2)
  A giant gecko (D:3)
  An ooze (D:2)
  8 orcs
  4 bats
  2 giant cockroaches
  7 goblins
  8 hobgoblins
  3 quokkas
  3 giant newts
  6 jackals
  10 kobolds
  11 rats
79 creatures vanquished.

Notes
Turn   | Place    | Note
--------------------------------------------------------------
     0 | D:1      | Johnny, the Octopode Fighter, began the quest for the Orb.
     0 | D:1      | Reached XP level 1. HP: 16/16 MP: 1/1
   221 | D:1      | Reached XP level 2. HP: 21/21 MP: 2/2
   690 | D:2      | Reached XP level 3. HP: 22/26 MP: 3/3
  1096 | D:2      | Reached XP level 4. HP: 26/31 MP: 4/4
  1252 | D:2      | Found a burning altar of Makhleb.
  1642 | D:2      | Reached XP level 5. HP: 33/37 MP: 5/5
  1655 | D:2      | Reached skill level 4 in Fighting
  2483 | D:4      | Noticed a phantom
  2496 | D:4      | HP: 1/37 [giant frog skeleton (3)]
  2497 | D:4      | Slain by a giant frog skeleton

Action                   |  1- 3 |  4- 6 || total
-------------------------+-------+-------++-------
Melee: Long sword        |    32 |       ||    32
       Dagger            |    41 |    80 ||   121
  Use: Potion            |       |     2 ||     2
 Stab: Sleeping          |     3 |     4 ||     7
  Eat: Chunk             |     1 |     4 ||     5
